 Dungeon Crawl Stone Soup version 0.19-a0-1907-gcff654f (webtiles) character file.

119 Disciple the Conjurer (level 4, -1/33 HPs)
             Began as a Draconian Conjurer on Oct 22, 2016.
             Slain by a leopard gecko (4 damage)
             ... on level 2 of the Dungeon.
             The game lasted 00:07:08 (3582 turns).

Disciple the Conjurer (Draconian Conjurer)          Turns: 3582, Time: 00:07:09

Health: -1/33      AC:  5    Str: 11    XL:     4   Next: 73%
Magic:  7/7        EV: 12    Int: 16    God:
Gold:   111        SH:  0    Dex: 11    Spells: 1 memorised, 6 levels left

rFire  + . .     SeeInvis .     f - +0 long sword
rCold  . . .     Gourm    .     (armour unavailable)
rNeg   + . .     Faith    .     (no shield)
rPois  .         Spirit   .     (helmet restricted)
rElec  .         Reflect  .     (no cloak)
rCorr  .         Harm     .     (no gloves)
MR     .....                    (no boots)
Stlth  ++........               (no amulet)
                                n - ring of protection from fire
                                i - ring of positive energy

@: flying
A: unfitting armour, cold-blooded, AC +5
a: no special abilities


You were on level 2 of the Dungeon.
You were not hungry.

You visited 1 branch of the dungeon, and saw 3 of its levels.

You collected 111 gold pieces.

Inventory:

Hand Weapons
 f - a +0 long sword (weapon)
 j - a +0 spear
 p - a +2 short sword of protection
Jewellery
 i - a ring of positive energy (left hand)
 n - a ring of protection from fire (right hand)
Scrolls
 d - 4 scrolls of identify {unknown}
 e - a scroll of magic mapping {unknown}
 g - 2 scrolls of remove curse {unknown}
 h - 2 scrolls of fear {unknown}
 k - 2 scrolls of fog {unknown}
 l - a scroll of recharging {unknown}
Books
 a - a book of Conjurations

   Spells                             Type                      Level
   a - Magic Dart                     Conjuration                  1
   b - Searing Ray                    Conjuration                  2
   c - Dazzling Spray                 Conjuration/Hexes            3
   d - Fulminant Prism                Conjuration/Hexes            4
   e - Iskenderun's Mystic Blast      Conjuration                  4
   f - Iskenderun's Battlesphere      Conjuration/Charms           5
Comestibles
 b - 3 bread rations
 c - 5 meat rations


   Skills:
 - Level 1.7 Dodging
 - Level 1.7 Stealth
 - Level 2.0 Spellcasting
 + Level 6.1 Conjurations


You had 6 spell levels left.
You knew the following spells:

 Your Spells              Type           Power        Failure   Level  Hunger
a - Magic Dart            Conj           ###.         1%          1    #......


Dungeon Overview and Level Annotations

Branches:
Dungeon (3/15)

Altars:
Dithmenos
Elyvilon


Innate Abilities, Weirdness & Mutations

Your plain brown scales are hard. (AC +5)
You cannot fit into any form of body armour.
You are cold-blooded and may be slowed by cold attacks.


Message History

There is a stone staircase leading up here.
The leopard gecko misses you. The adder closely misses you.
The orc hits you but does no damage.
You fly upwards.
There is a stone staircase leading down here.
You closely miss the adder. The adder barely misses you. The adder misses you.
You riposte.
You closely miss the adder. You hit the adder.
Your tail-slap misses the adder.
The adder is heavily wounded.
The adder closely misses you. The adder bites you.
* * * LOW HITPOINT WARNING * * *
You hit the adder.
The adder is heavily wounded.
The leopard gecko hisses menacingly.
The adder bites you but does no damage.
You slash the adder!
You kill the adder!
You barely miss the leopard gecko. The leopard gecko closely misses you.
The leopard gecko bites you.
You die...

###########.# ......#.....####
#####.#.###....# #.#.#....#.#
#.#.#...<#.# #.#.#.#.##.#
#.#.#....#.# ######
#####.#.#.#..#.#### #....#
...............ol@# #.##.#
#####.#.#.......### #.##.#
#.#.#######.# #.##.# #.#.........#
#.##.#
#.#######################.##.#
#.........................##.#
##########........##############.#
..................# #.#
##########........# #.#


You could see an orc and a leopard gecko.

Vanquished Creatures
  3 adders
  An ooze (D:1)
  A worm (D:2)
  A dart slug (D:3)
  7 leopard geckos
  7 orcs (D:3)
  9 bats
  8 goblins
  9 hobgoblins
  2 quokkas
  A ball python (D:3)
  5 frilled lizards
  6 kobolds
  7 rats
67 creatures vanquished.

Notes
Turn   | Place    | Note
-------+----------+-------------------------------------------
     0 | D:1      | Disciple the Draconian Conjurer began the quest for the Orb.
     0 | D:1      | Reached XP level 1. HP: 14/14 MP: 3/3
   455 | D:1      | Reached XP level 2. HP: 20/20 MP: 0/5
  1611 | D:1      | Reached skill level 5 in Conjurations
  1611 | D:1      | Reached XP level 3. HP: 18/26 MP: 3/6
  2016 | D:2      | Found a white marble altar of Elyvilon.
  2442 | D:2      | Found a shadowy altar of Dithmenos.
  2497 | D:2      | Reached XP level 4. HP: 18/33 MP: 7/7
  3392 | D:3      | Reached skill level 6 in Conjurations
  3582 | D:2      | Slain by a leopard gecko

Vault maps used:
D:1:      minmay_arrival_solitary_statue
D:2:      old_standard_altar, lemuel_doored_altar, first_bread

Skill      XL: |  1  2  3  4 |
---------------+-------------+-----
Conjurations   | 5 6 |  6.1
Dodging        | |  1.7
Stealth        | |  1.7
Spellcasting   | |  2.0

Action                   |  1- 3 |  4- 6 || total
-------------------------+-------+-------++-------
Melee: Unarmed           |     7 |       ||     7
       Tailslap          |    15 |    10 ||    25
       Spear             |    80 |       ||    80
       Club              |     2 |       ||     2
       Long sword        |    49 |    64 ||   113
 Cast: Magic Dart        |    30 |    21 ||    51
  Use: Potion            |       |     1 ||     1
 Stab: Sleeping          |     5 |     1 ||     6
  Eat: Chunk             |     6 |     4 ||    10
Armor: Skin              |    40 |    27 ||    67
Dodge: Dodged            |   115 |    64 ||   179
       Rpst.: Long sword |    24 |    17 ||    41
